 Dungeon Crawl Stone Soup version 0.27-a0-984-g00e00afbbc (console) character file.

Game seed: 7720735727671161936

140 Banquo the Skirmisher (level 5, 0/41 HPs)
             Began as a Djinni Abyssal Knight on Apr 15, 2021.
             Was a Believer of Lugonu.
             Slain by a gnoll
             ... wielding a +0 whip
              (3 damage)
             ... on level 3 of the Dungeon.
             The game lasted 00:08:49 (4310 turns).

Banquo the Skirmisher (Djinni Abyssal Knight)       Turns: 4310, Time: 00:08:50

Health: 0/41       AC:  4    Str: 11    XL:     5   Next: 23%
Gold:   151        EV: 11    Int: 15    God:    Lugonu [**....] SH:  0 Dex: 12

rFire    + + .     SeeInvis .   a - +1 falchion
rCold    x . .     Faith    .   (no shield)
rNeg     . . .     Spirit   .   b - +0 leather armour
rPois    ∞         Reflect  .   (no helmet)
rElec    .         Harm     .   e - +0 cloak
rCorr    .         Rampage  .   (no gloves)
Will     .....                  (boots unavailable)
Stlth    +.........             (no amulet)
HPRegen  0.13/turn              (no ring)
MPRegen  0.00/turn              (no ring)

@: flying, very slightly contaminated
A: fire resistance 2, cold vulnerability 1, float, innate caster, hp casting,
extra vitality 1
a: Renounce Religion, Depart the Abyss, Bend Space


You were on level 3 of the Dungeon.
You worshipped Lugonu.
Lugonu was pleased with you.
You visited 1 branch of the dungeon, and saw 3 of its levels.
You visited the Abyss 1 time.

You collected 151 gold pieces.

Inventory:

Hand Weapons
 a - a +1 falchion (weapon)
 k - a +0 falchion
Missiles
 d - 107 stones
 h - 3 boomerangs
Armour
 b - a +0 leather armour (worn)
 e - a +0 cloak (worn)
Wands
 g - a wand of iceblast (5)
Scrolls
 f - a scroll of identify {unknown}
 j - a scroll of noise {unknown}
Potions
 c - a potion of magic {unknown}
 i - a potion of heal wounds {unknown}


   Skills:
 + Level 4.2 Fighting
 * Level 3.5 Long Blades
 - Level 1.0 Armour
 - Level 2.1 Dodging
 * Level 1.0 Spellcasting
 * Level 2.0 Invocations


You had 3 spell levels left.
You knew the following spells:

 Your Spells              Type           Power      Damage    Failure   Level
a - Foxfire               Conj/Fire      12%        2x1d4     22%         1
b - Ensorcelled Hibernat  Hex/Ice        6%         N/A       32%         2
Your spell library was empty.

Dungeon Overview and Level Annotations

Branches:
Dungeon (3/15)

Altars:
Kikubaaqudgha

Shops:
D:1 *?[!!   D:2 (


Innate Abilities, Weirdness & Mutations

You are immune to poison.
Your flesh is very heat resistant. (rF++)
You are vulnerable to cold. (rC-)
You float through the air rather than walking.
You learn spells naturally, not from books.
Your magical power is your life essence.
You have superior vitality. (+4 HP)


Message History

Casting: Foxfire (safe; 22% risk of failure)
Confirm with . or Enter, or press ? or * to list all spells.
You miscast Foxfire.
Nothing appears to happen.
The gnoll hits you with a +1 whip of draining!
Casting: Foxfire (safe; 22% risk of failure)
Confirm with . or Enter, or press ? or * to list all spells.
You conjure some foxfire!
The gnoll hits you with a +1 whip of draining.
The foxfire hits the gnoll but does no damage.
Casting: Foxfire (safe; 22% risk of failure)
Confirm with . or Enter, or press ? or * to list all spells.
You conjure some foxfire!
The foxfire hits the gnoll.
The gnoll is moderately wounded.
The gnoll hits you with a +1 whip of draining.
Your foxfire dissipates!
The foxfire hits the gnoll.
The gnoll is heavily wounded.
Casting: Foxfire (safe; 22% risk of failure)
Confirm with . or Enter, or press ? or * to list all spells.
You conjure some foxfire!
The gnoll completely misses you. The gnoll hits you with a +0 whip.
The foxfire hits the gnoll.
The gnoll is heavily wounded.
The foxfire hits the gnoll.
The gnoll is severely wounded.
Casting: Foxfire (safe; 22% risk of failure)
Confirm with . or Enter, or press ? or * to list all spells.
You miscast Foxfire.
Nothing appears to happen.
The gnoll barely misses you.
You riposte.
You hit the gnoll.
The gnoll is severely wounded.
The gnoll barely misses you.
You riposte.
You hit the gnoll but do no damage.
The gnoll is severely wounded.
Casting: Foxfire (safe; 22% risk of failure)
Confirm with . or Enter, or press ? or * to list all spells.
You conjure some foxfire!
* * * LOW HITPOINT WARNING * * *
The gnoll hits you with a +1 whip of draining!
* * * LOW HITPOINT WARNING * * *
The gnoll hits you with a +0 whip.
You die...

#......# #.# ######.## #.# #..#
#.# ##.# #.# #.###.# #..##.#
######.##.# #....vv.#.#
#....@..#.# #...gg....#
#......#..# #...g..#..# ######
#......##.# #....# .g.....
###......># #.##.##### ..g....
#.#########.#....... .......
####.#.........#..#.###
.......####....##.#####..#....#


You could see 3 gnolls.

Vanquished Creatures
  An orc priest (D:3)
  A gnoll (D:2)
  3 adders
  An ufetubus (D:3)
  A worm (D:2)
  2 dart slugs (D:1)
  3 orcs (D:3)
  3 ball pythons
  8 endoplasms
  3 giant cockroaches
  A goblin (D:1)
  6 hobgoblins
  4 jackals (D:1)
  5 kobolds
  A quokka (D:1)
  3 bats
  4 frilled lizards
  7 rats
57 creatures vanquished.

Vanquished Creatures (others)
  15 foxfires
  2 plants (D:1)
17 creatures vanquished.

Grand Total: 74 creatures vanquished

Notes
Turn   | Place    | Note
-------+----------+-------------------------------------------
     0 | Abyss:1  | Banquo the Djinni Abyssal Knight began the quest for the
                  | Orb.
     0 | Abyss:1  | Reached XP level 1. HP: 20/20 MP: 0/0
     7 | D:1      | Escaped the Abyss
   288 | D:1      | Found Diofa's Magic Scroll Shoppe.
   294 | D:1      | Reached XP level 2. HP: 10/25 MP: 0/0
   497 | D:1      | Found Zalivvyck's Assorted Antiques.
   569 | D:1      | Found Jial's Distillery.
   825 | D:1      | Reached XP level 3. HP: 30/31 MP: 0/0
   825 | D:1      | Learned a level 1 spell: Foxfire
   980 | D:1      | Found Wiryum's Distillery.
  1007 | D:1      | Found a faded altar of an unknown god.
  1039 | D:1      | Reached ** piety under Lugonu
  1267 | D:1      | Found Voixapos's Antique Armour Shop.
  2185 | D:2      | Found Juom's Antique Weapon Boutique.
  2399 | D:2      | Reached XP level 4. HP: 33/37 MP: 0/0
  2713 | D:2      | Reached skill level 4 in Fighting
  3480 | D:3      | Reached XP level 5. HP: 38/41 MP: 0/0
  3480 | D:3      | Learned a level 2 spell: Ensorcelled Hibernation
  3983 | D:2      | Reached skill level 1 in Spellcasting
  4310 | D:3      | Slain by a gnoll

Illustrated notes

Levels and vault maps discovered:
D:1:      matt_arrival_los_fun, layout_rooms, serial_shops, shop,
          nicolae_shop_statue_plus, shop, shop, nicolae_shop_overgrown_old_shop,
          ebering_ecumenical_altar_hall
D:2:      layout_basic, serial_shops, shop_coins, minmay_pentomino_r2
D:3:      layout_basic, lemuel_doored_altar

Skill      XL: |  1  2  3  4  5 |
---------------+----------------+-----
Long Blades    | 2 3 |  3.5
Fighting       | 4 |  4.2
Invocations    | 2 |  2.0
Spellcasting   | 1 |  1.0
Armour         | |  1.0
Dodging        | |  2.1

Action                   |  1- 3 |  4- 6 || total
-------------------------+-------+-------++-------
Melee: Falchion          |   137 |    82 ||   219
 Cast: Foxfire           |       |    14 ||    14
 Stab: Sleeping          |     1 |       ||     1
Armor: Leather armour    |    46 |    22 ||    68
Dodge: Dodged            |    71 |    55 ||   126
       Rpst.: Falchion   |    19 |    19 ||    38

Table legend: (Time is in decaauts)
 A = Elapsed time spent in this place.
 B = Non-inter-level travel time spent in this place.
 C = Inter-level travel time spent in this place.
 D = Time resting spent in this place.
 E = Time spent auto-exploring this place.
 F = Levels seen in this place.
 G = Mean time per level.
                   A        B        C        D        E       F      G
               +--------+--------+--------+--------+--------+-----+--------+
         Total |   4353 |   4173 |    180 |   1343 |   2185 |   4 | 1088.2 |
       Dungeon |   4346 |   4166 |    180 |   1343 |   2185 |   3 | 1448.7 |
         Abyss |      7 |      7 |      0 |      0 |      0 |   1 |    7.0 |
               +--------+--------+--------+--------+--------+-----+--------+

Top non-repeatable levels by time:
     D:2: 1717 daAuts
     D:1: 1698 daAuts
     D:3: 930 daAuts
 Abyss:1: 7 daAuts
